 Dungeon Crawl Stone Soup version 0.19.1-1-g22dce08 (webtiles) character file.

5475 Iskender the Covert (level 10, -2/80 HPs)
             Began as a Naga Warper on Dec 28, 2016.
             Was a Priest of Cheibriados.
             Slain by a spiny frog (14 damage)
             ... on level 1 of the Lair of Beasts on Dec 29, 2016.
             The game lasted 01:58:10 (10948 turns).

Iskender the Covert (Naga Warper)                  Turns: 10948, Time: 01:58:11

Health: -2/80      AC:  9    Str: 22    XL:     10   Next: 69%
Magic:  1/13       EV: 10    Int: 21    God:    Cheibriados [***...]
Gold:   240        SH:  0    Dex: 22    Spells: 4 memorised, 2 levels left

rFire  . . .     SeeInvis +     b - +1 hand crossbow (flame)
rCold  . . .     Gourm    .     G - +0 leather armour
rNeg   . . .     Faith    .     (no shield)
rPois  +         Spirit   .     h - +1 hat
rElec  .         Reflect  .     C - +0 cloak
rCorr  .         Harm     .     S - +0 pair of gloves
MR     +....                    (no barding)
Stlth  +++++.....               (no amulet)
                                (no ring)
                                (no ring)

@: very slow
A: slimy green scales 1, see invisible, deformed body, sense surroundings 1,
poison resistance, slowness 2, slow metabolism 1, spit poison 1, no device heal
1, AC +3
a: Spit Poison, Bend Time, Temporal Distortion, Renounce Religion


You were on level 1 of the Lair of Beasts.
You worshipped Cheibriados.
Cheibriados was most pleased with you.
You were not hungry.

You visited 3 branches of the dungeon, and saw 12 of its levels.

You collected 702 gold pieces.
You spent 462 gold pieces at shops.

Inventory:

Hand Weapons
 a - a +1 halberd of freezing
 b - a +1 hand crossbow of flaming (weapon)
 v - a +0 blowgun
 B - a +0 shortbow
 P - a +0 quarterstaff
 R - a +0 hunting sling
 T - a +3 whip of flaming
 W - a +0 falchion of electrocution
Missiles
 e - 3 tomahawks of dispersal {!f}
 j - 248 stones
 l - 76 sling bullets
 p - 11 bolts (quivered)
 r - 13 tomahawks
 s - 5 javelins
 x - 96 arrows
 X - 3 curare-tipped needles
Armour
 h - a +1 hat (worn)
 C - a +0 cloak (worn)
 G - a +0 leather armour (worn)
 S - a +0 pair of gloves (worn)
Wands
 D - a wand of slowing (5/48)
 F - a wand of disintegration (11/24)
Scrolls
 d - a scroll of teleportation
 g - a scroll of amnesia
 k - a scroll of identify
 o - 5 scrolls of remove curse
 q - 4 scrolls of enchant weapon
 u - a scroll of recharging
 w - 3 scrolls of magic mapping
 N - a scroll of summoning {unknown}
Potions
 m - 2 potions of cure mutation
 z - 2 potions of berserk rage {unknown}
 H - 2 potions of agility
 I - 3 potions of resistance {unknown}
 K - a potion of cancellation
 O - a potion of flight {unknown}
 Q - a potion of might {unknown}
 V - 2 potions of curing
Books
 c - a book of Spatial Translocations

   Spells                             Type                      Level
   a - Blink                          Translocation                2
   b - Shroud of Golubria             Charms/Translocation         2
   c - Lesser Beckoning               Translocation                3
   d - Portal Projectile              Translocation                3
   e - Teleport Other                 Translocation                3
   f - Passage of Golubria            Translocation                4
 L - a book of Conjurations

   Spells                             Type                      Level
   a - Magic Dart                     Conjuration                  1
   b - Searing Ray                    Conjuration                  2
   c - Dazzling Spray                 Conjuration/Hexes            3
   d - Fulminant Prism                Conjuration/Hexes            4
   e - Iskenderun's Mystic Blast      Conjuration                  4
   f - Iskenderun's Battlesphere      Conjuration/Charms           5
Comestibles
 f - 3 bread rations
 i - 5 chunks of flesh
 n - 9 meat rations
 M - a fruit


   Skills:
 - Level 2.0 Fighting
 - Level 6.0 Maces & Flails
 - Level 2.0 Polearms
 - Level 5.2 Bows
 + Level 8.0 Crossbows
 - Level 0.8 Throwing
 - Level 0.7 Armour
 - Level 1.5 Dodging
 - Level 10.8 Stealth
 - Level 2.0 Spellcasting
 - Level 1.0 Charms
 - Level 5.0 Translocations
 - Level 5.2 Invocations


You had 2 spell levels left.
You knew the following spells:

 Your Spells              Type           Power        Failure   Level  Hunger
g - Shroud of Golubria    Chrm/Tloc      ##........   10%         2    ##.....
i - Teleport Other        Tloc           ###.....     8%          3    ###....
n - Passage of Golubria   Tloc           N/A          21%         4    #####..
v - Blink                 Tloc           N/A          3%          2    ##.....


Dungeon Overview and Level Annotations

Branches:
Dungeon (10/15)            Temple (1/1) D:6            Lair (1/6) D:10
    Orc (0/2) D:10

Altars:
Ashenzari
Cheibriados
Dithmenos
Elyvilon
Fedhas
Gozag
Hepliaklqana
Kikubaaqudgha
Makhleb
Nemelex Xobeh
Okawaru
Qazlal
Ru
Sif Muna
Trog
Uskayaw
Vehumet
Xom
Yredelemnul
Zin
The Shining One

Shops:
D:5 !   D:8 [([

Annotations:
D:8 Azzok's ghost, novice GrFi; Psyche
D:9 dricus's ghost, novice TrMo


Innate Abilities, Weirdness & Mutations

You cannot wear boots.
Your serpentine skin is tough. (AC +3)
You have supernaturally acute eyesight. (SInv)
Armour fits poorly on your strangely shaped body.
Your system is resistant to poisons. (rPois)
You cover ground very slowly.
You have a slow metabolism.
You can spit poison.
You are partially covered in slimy green scales. (AC +2)
You passively map a small area around you.
Potions and wands are less effective at restoring your health.


Message History

Firing (i - inventory. (,) - cycle):
p - 14 bolts (quivered)
Press: ? - help, Shift-Dir - straight line, f - spiny frog
Aim: a spiny frog (translocational energy, severely wounded)
You shoot a bolt.
The bolt hits the spiny frog but does no damage.
The spiny frog is severely wounded.
Firing (i - inventory. (,) - cycle):
p - 13 bolts (quivered)
Press: ? - help, Shift-Dir - straight line, f/p - spiny frog
Aim: a spiny frog (severely wounded)
You shoot a bolt. The bolt hits the spiny frog.
The bolt burns the spiny frog.
The spiny frog is almost dead.
The spiny frog stings you!
Firing (i - inventory. (,) - cycle):
p - 12 bolts (quivered)
Press: ? - help, Shift-Dir - straight line, f/p - spiny frog
Aim: a spiny frog (almost dead)
You shoot a bolt. The bolt barely misses the spiny frog.
The spiny frog stings you!!
* * * LOW HITPOINT WARNING * * *
The spiny frog stings you!
You die...

* * ).......
#........ * *
⌠(..⌠.## #.......# ,
, ,.†.... #........
⌠...# #........
.†.####...>..)#
###....#**#.....#
**, ##.#(...#
####.#.# ,
#.F†#...###....... *
,
*##@##.#...##.......
* *
#.(..#(............
, , ,
#..(.###(..........
#....(>....#.......
*#....##(.>.#.......
.....###...#.......
.....# ####).......
, #.....# ##.......
, #.......


You could see a spiny frog.

Vanquished Creatures
  A spiny frog (Lair:1)
  A komodo dragon (D:10)
  A hornet (D:7)
  A hippogriff (D:8)
  Sigmund (D:4)
  3 yaks (D:10)
  A wyvern (Lair:1)
  A water moccasin (Lair:1)
  2 porcupines (Lair:1)
  An ice beast (D:10)
  2 sky beasts (D:10)
  4 orc warriors (D:10)
  2 phantoms
  4 ogres
  2 centaurs (D:6)
  A crocodile (Lair:1)
  A big kobold (D:10)
  5 bullfrogs
  3 scorpions
  3 wights
  6 howler monkeys
  8 crimson imps
  2 hounds
  A centaur skeleton (D:6)
  3 jellies
  A bullfrog skeleton (D:4)
  3 orc priests
  Jessica (D:3)
  2 iguanas
  Natasha (thrice) (D:4)
  3 orc wizards
  3 worker ants
  A killer bee zombie (D:7)
  2 hound skeletons
  4 gnolls
  11 adders
  2 shadow imps
  An ooze (D:3)
  An adder zombie (D:7)
  An adder skeleton (D:6)
  3 worms
  2 dart slugs
  5 leopard geckos
  22 orcs
  8 bats
  6 giant cockroaches
  4 goblins
  14 hobgoblins
  12 jackals
  4 quokkas
  3 frilled lizards
  A giant cockroach zombie (D:5)
  A jackal zombie (D:5)
  11 kobolds
  10 rats
205 creatures vanquished.

Vanquished Creatures (others)
  2 plants (D:10)
2 creatures vanquished.

Grand Total: 207 creatures vanquished

Notes
Turn   | Place    | Note
-------+----------+-------------------------------------------
     0 | D:1      | Iskender the Naga Warper began the quest for the Orb.
     0 | D:1      | Reached XP level 1. HP: 19/19 MP: 3/3
    51 | D:1      | Reached skill level 1 in Stealth
   209 | D:1      | Reached skill level 2 in Stealth
   342 | D:1      | Reached XP level 2. HP: 22/26 MP: 5/5
   355 | D:1      | Learned a level 2 spell: Blink
   358 | D:1      | Learned a level 2 spell: Shroud of Golubria
   421 | D:1      | Reached skill level 3 in Stealth
   476 | D:1      | Reached skill level 4 in Stealth
   598 | D:1      | Reached XP level 3. HP: 32/32 MP: 6/6
   885 | D:2      | Reached skill level 5 in Stealth
  1336 | D:2      | Found a white marble altar of Elyvilon.
  1354 | D:2      | Reached XP level 4. HP: 15/39 MP: 7/7
  1521 | D:2      | Learned a level 3 spell: Portal Projectile
  1790 | D:2      | Reached skill level 6 in Stealth
  1869 | D:3      | Noticed Jessica
  2021 | D:2      | Reached skill level 1 in Charms
  2502 | D:3      | Killed Jessica
  2502 | D:3      | Reached skill level 7 in Stealth
  2502 | D:3      | Reached XP level 5. HP: 45/45 MP: 8/8
  2654 | D:3      | Reached skill level 8 in Stealth
  2916 | D:3      | Reached skill level 9 in Stealth
  2916 | D:3      | Reached XP level 6. HP: 44/52 MP: 9/9
  3320 | D:3      | Gained mutation: You passively map a small area around you. [potion of mutation]
  3320 | D:3      | Gained mutation: Potions and wands are less effective at restoring your health. [potion of mutation]
  3320 | D:3      | Gained mutation: You are partially covered in slimy green scales. (AC +2) [potion of mutation]
  3327 | D:4      | Noticed a phantom
  3660 | D:3      | Reached skill level 1 in Maces & Flails
  3933 | D:4      | Reached XP level 7. HP: 43/60 MP: 10/10
  4025 | D:4      | Noticed Natasha
  4050 | D:5      | Entered Level 5 of the Dungeon
  4499 | D:4      | Found a snail-covered altar of Cheibriados.
  4557 | D:4      | Became a worshipper of Cheibriados the Contemplative
  4583 | D:4      | Noticed Sigmund
  4686 | D:5      | Found a bloodstained altar of Trog.
  4688 | D:5      | Found an iron altar of Okawaru.
  4764 | D:5      | Reached skill level 1 in Invocations
  4987 | D:5      | Found Uxzolev's Distillery.
  5001 | D:5      | Bought a potion of curing for 39 gold pieces
  5001 | D:5      | Bought a potion of lignification for 39 gold pieces
  5001 | D:5      | Bought a potion of agility for 52 gold pieces
  5336 | D:5      | Found a bloodstained altar of Trog.
  5367 | D:5      | Reached * piety under Cheibriados
  5577 | D:5      | Reached skill level 5 in Maces & Flails
  6027 | D:6      | Found a staircase to the Ecumenical Temple.
  6032 | Temple   | Entered the Ecumenical Temple
  6245 | D:6      | Reached XP level 8. HP: 66/67 MP: 11/11
  6615 | D:6      | Learned a level 3 spell: Teleport Other
  6670 | D:6      | Reached skill level 1 in Bows
  7121 | D:7      | Noticed a hornet
  7135 | D:7      | Paralysed by a hornet for 2 turns
  7153 | D:7      | Paralysed by a hornet for 1 turns
  7162 | D:7      | HP: 5/100 [hornet (10)]
  7168 | D:7      | Killed a hornet
  7472 | D:7      | Reached skill level 5 in Bows
  7536 | D:7      | Reached ** piety under Cheibriados
  7670 | D:7      | Learned a level 4 spell: Passage of Golubria
  7680 | D:8      | Found Dide's Antique Weapon Shoppe.
  7683 | D:8      | Bought a runed hand crossbow for 209 gold pieces
  7816 | D:8      | Found Ecixt's Armour Shop.
  7822 | D:8      | Found Ynuc Soq's Armour Shop.
  7825 | D:8      | Bought a +0 pair of gloves for 45 gold pieces
  7841 | D:8      | Noticed a hippogriff
  7854 | D:8      | Killed a hippogriff
  7854 | D:8      | Reached XP level 9. HP: 62/73 MP: 9/12
  7861 | D:8      | Noticed Azzok's ghost (novice GrFi)
  7888 | D:8      | Noticed Psyche
  8123 | D:9      | Found a burning altar of Makhleb.
  8407 | D:9      | Found a burning altar of Makhleb.
  8473 | D:9      | Noticed dricus's ghost (novice TrMo)
  8627 | D:10     | Entered Level 10 of the Dungeon
  8972 | D:10     | Learned a level 3 spell: Teleport Other
  8997 | D:10     | Reached *** piety under Cheibriados
  9264 | D:10     | Reached skill level 5 in Crossbows
  9568 | D:10     | Noticed a gargoyle
  9705 | D:5      | Bought a potion of curing for 39 gold pieces
  9705 | D:5      | Bought a potion of curing for 39 gold pieces
  9742 | D:4      | Killed Natasha
  9742 | D:4      | Reached skill level 5 in Translocations
  9821 | D:4      | Noticed Natasha
  9826 | D:4      | Killed Natasha
  9835 | D:4      | Noticed Natasha
  9843 | D:4      | Killed Sigmund
  9847 | D:4      | Killed Natasha
 10070 | D:10     | Reached skill level 10 in Stealth
 10070 | D:10     | Reached XP level 10. HP: 66/80 MP: 13/13
 10177 | D:10     | Reached **** piety under Cheibriados
 10440 | D:10     | Found a staircase to the Orcish Mines.
 10705 | D:10     | Found a staircase to the Lair.
 10776 | Lair:1   | Entered Level 1 of the Lair of Beasts
 10821 | Lair:1   | Reached skill level 5 in Invocations
 10921 | Lair:1   | Noticed a spiny frog
 10937 | Lair:1   | Killed a spiny frog
 10941 | Lair:1   | Noticed a spiny frog
 10948 | Lair:1   | Slain by a spiny frog

Skill      XL: |  1  2  3  4  5  6  7  8  9 10 |
---------------+-------------------------------+-----
Stealth        | 2 4 5 7 9 10 | 10.8
Charms         | 1 |  1.0
Maces & Flails | 2 5 6 |  6.0
Invocations    | 1 3 5 |  5.2
Bows           | 5 |  5.2
Crossbows      | 2 5 8 |  8.0
Translocations | 5 |  5.0
Fighting       | |  2.0
Polearms       | |  2.0
Throwing       | |  0.8
Armour         | |  0.7
Dodging        | |  1.5
Spellcasting   | |  2.0

Action                   |  1- 3 |  4- 6 |  7- 9 | 10-12 || total
-------------------------+-------+-------+-------+-------++-------
Melee: Spear             |    77 |    19 |   106 |       ||   202
       Whip              |       |   104 |   216 |       ||   320
       Halberd           |       |       |    80 |    34 ||   114
 Fire: Hunting sling     |       |    22 |    64 |     6 ||    92
       Shortbow          |       |       |    84 |    50 ||   134
       Hand crossbow     |       |       |    34 |    25 ||    59
       Blowgun           |       |       |     8 |     4 ||    12
Throw: Stone             |    22 |    36 |       |       ||    58
       Javelin           |       |    10 |     5 |       ||    15
       Tomahawk          |       |     2 |       |       ||     2
 Cast: Blink             |     2 |     9 |    14 |     3 ||    28
       Shroud of Golubri |       |     2 |     8 |     1 ||    11
       Teleport Other    |       |       |     4 |       ||     4
       Passage of Golubr |       |       |     1 |     3 ||     4
Invok: Bend Time         |       |       |     1 |       ||     1
       Slouch            |       |       |       |     2 ||     2
 Abil: Spit Poison       |    27 |    28 |    50 |    13 ||   118
       Evoke Berserk Rag |       |     1 |     3 |       ||     4
Evoke: Wand              |       |       |     1 |       ||     1
  Use: Scroll            |     1 |     9 |     7 |       ||    17
       Potion            |       |     6 |     7 |       ||    13
 Stab: Sleeping          |     3 |     1 |     3 |       ||     7
  Eat: Chunk             |     2 |     7 |     8 |     3 ||    20
       Bread ration      |       |     1 |     2 |       ||     3
       Fruit             |       |       |     2 |       ||     2
       Royal jelly       |       |       |     1 |       ||     1
Armor: Leather armour    |    21 |    38 |   172 |    10 ||   241
       Skin              |       |       |    92 |       ||    92
       Ring mail         |       |       |    20 |       ||    20
Dodge: Dodged            |    31 |    64 |   217 |    20 ||   332
